 Dungeon Crawl Stone Soup version 0.32-a0-560-g4c7f4391e0 (webtiles) character file.

Game seed: 15279439097111342451

606961 gimp the Sorcerer (level 26, -20/170 HPs)
             Began as a Deep Elf Alchemist on Feb 29, 2024.
             Was the Champion of Vehumet.
             Killed from afar by Noisel the pandemonium lord (31 damage)
             ... with a bolt of dispelling energy
             ... on level 9 of the Dungeon.
             The game lasted 03:10:43 (66808 turns).

gimp the Sorcerer (Deep Elf Alchemist)             Turns: 66808, Time: 03:10:43

Health: -20/170    AC: 25    Str:  5    XL:     26   Next: 65%
Magic:  39/54      EV: 17    Int: 38    God:    Vehumet [******]
Gold:   2773       SH:  8    Dex: 16    Spells: 8/75 levels left

rFire   + + +        a - staff of air
rCold   + . .        F - +2 buckler "Ywost" {rF+ rCorr}
rNeg    + + .        z - quicksilver dragon scales
rPois   +            A - +3 helmet of the Present {rElec Dex+3}
rElec   +            W - scarf {rC+ rF+}
rCorr   +            B - +2 pair of gloves
SInv    +            s - +4 pair of boots of Jeorap {rF+ Int+5 SInv}
Will    +++..        u - amulet of magic regeneration
Stlth   +            c - ring "Xose" {rPois Slay+4 Stlth+}
HPRegen 0.48/turn    Y - ring of Isties {rPois rN++ rCorr Dex-2 Stlth+}
MPRegen 0.74/turn

%: no passive effects
@: on blink cooldown, hasted (expiring), studying Long Blades, very quick
A: no striking features
0: Orb of Zot
}: 3/15 runes: decaying, slimy, gossamer
a: Renounce Religion


You were on level 9 of the Dungeon.
You worshipped Vehumet.
Vehumet was exalted by your worship.
You visited 11 branches of the dungeon, and saw 52 of its levels.
You also visited: Ossuary, Bailey, Ice Cave and Volcano.

You collected 9350 gold pieces.
You spent 6577 gold pieces at shops.

Inventory:

Hand Weapons
 b - the +0 long sword of the Depths {venom, *Noise +Blink rC+ Str+3 Int+5}
   (You found it on level 4 of the Lair of Beasts)

   Str+3:     It affects your strength (+3).
   Int+5:     It affects your intelligence (+5).
   rC+:       It protects you from cold.
   +Blink:    It lets you blink.
   *Noise:    It may make a loud noise when swung.
 n - the +9 rapier "Jotuor" {holy, Fly Will+ Str+4}
   (You found it in a bailey)

   Str+4:     It affects your strength (+4).
   Will+:     It increases your willpower.
   Fly:       It grants you flight.
Missiles
 g - 8 curare-tipped darts
 i - 2 throwing nets
Armour
 s - the +4 pair of boots of Jeorap (worn) {rF+ Int+5 SInv}
   (You found it on level 1 of the Realm of Zot)

   Int+5:     It affects your intelligence (+5).
   rF+:       It protects you from fire.
   SInv:      It lets you see invisible.
 z - quicksilver dragon scales (worn)
 A - the +3 helmet of the Present (worn) {rElec Dex+3}
   (You found it on level 2 of the Depths)

   Dex+3:     It affects your dexterity (+3).
   rElec:     It insulates you from electricity.
 B - a +2 pair of gloves (worn)
 F - the +2 buckler "Ywost" (worn) {rF+ rCorr}
   (You found it on level 3 of the Spider Nest)

   rF+:       It protects you from fire.
   rCorr:     It protects you from acid and corrosion.
 S - the +0 robe of the Heavens {rPois rC+ Slay+2 Stlth+}
   (You found it on level 3 of the Lair of Beasts)

   Slay+2:    It affects your accuracy & damage with ranged weapons and melee
   (+2).
   rC+:       It protects you from cold.
   rPois:     It protects you from poison Stlth+: It makes you more stealthy.
 T - +2 swamp dragon scales
 W - a scarf of resistance (worn)
Magical Staves
 a - a staff of air (weapon)
 v - a staff of conjuration
Jewellery
 c - the ring "Xose" (left hand) {rPois Slay+4 Stlth+}
   (You found it on level 3 of the Depths)

   [ring of slaying]

   Slay+4:    It affects your accuracy & damage with ranged weapons and melee
   (+4).
   rPois:     It protects you from poison Stlth+: It makes you more stealthy.
 t - a ring of willpower
 u - an amulet of magic regeneration (around neck)
 x - a ring of flight
 U - a ring of protection from cold
 Y - the ring of Isties (right hand) {rPois rN++ rCorr Dex-2 Stlth+}
   (You found it in an ice cave)

   [ring of poison resistance]

   Dex-2:     It affects your dexterity (-2).
   rPois:     It protects you from poison rN++: It greatly protects you from
   negative energy.
   rCorr:     It protects you from acid and corrosion.
   Stlth+:    It makes you more stealthy.
Wands
 r - a wand of quicksilver (44)
 H - a wand of flame (136)
 M - a wand of digging (11)
 R - a wand of roots (26)
Scrolls
 h - 9 scrolls of poison
 j - 13 scrolls of fear
 l - 23 scrolls of teleportation
 o - 8 scrolls of fog
 p - 3 scrolls of revelation
 y - 2 scrolls of amnesia
Potions
 d - 12 potions of ambrosia
 e - 25 potions of curing
 k - 11 potions of resistance
 m - 7 potions of enlightenment
 C - 7 potions of invisibility
 D - 16 potions of mutation
 E - 5 potions of cancellation
 G - 5 potions of magic
 O - 7 potions of brilliance
 Q - 2 potions of haste
Miscellaneous
 w - a phial of floods
 V - a box of beasts


   Skills:
 + Level 18.7 Fighting
 - Level 8.0 Armour
 + Level 23.5 Dodging
 - Level 2.4 Stealth
 - Level 8.0 Shields
 - Level 25.0 Spellcasting
 - Level 16.8 Conjurations
 - Level 10.0 Summonings
 - Level 8.0 Necromancy
 - Level 18.0 Fire Magic
 - Level 20.0 Air Magic
 - Level 12.0 Earth Magic
 - Level 10.0 Alchemy


You had 8 spell levels left.
You knew the following spells:

 Your Spells              Type           Power      Damage    Failure   Level
a - Bombard               Conj/Erth      51%        9d9       1%          6
b - Chain Lightning       Conj/Air       68%        3d90      32%         9
c - Ignition              Fire           55%        3d15      2%          8
d - Spellforged Servitor  Conj/Summ      49%        N/A       2%          7
e - Maxwell's Capacitive  Air            70%        ∞         1%          8
f - Borgnjor's Vile Clut  Necr/Erth      44%        N/A       1%          5
g - Plasma Beam           Fire/Air       68%        2x1d85    1%          6
h - Orb of Destruction    Conj           54%        9d14      1%          7
i - Iskenderun's Mystic   Conj/Tloc      84%        2d17      1%          4
j - Fireball              Conj/Fire      55%        3d21      1%          5
k - Blink                 Tloc           94%        N/A       3%          2

Your spell library contained the following spells:

 Spells                   Type           Power      Damage    Failure   Level
 Shatter                  Erth           47%        3d36*     98%         9
 Polar Vortex             Ice            23%        12d3*     100%        9
 Foxfire                  Conj/Fire      100%       2x1d9     0%          1
 Magic Dart               Conj           100%       1d8       0%          1
 Sandblast                Erth           100%       2d20      0%          1
 Sting                    Conj/Alch      100%       1d9       0%          1
 Mercury Vapours          Alch/Air       100%       N/A       0%          2
 Searing Ray              Conj           100%       2d8       0%          2
 Static Discharge         Conj/Air       100%       3-8/arc   0%          2
 Mephitic Cloud           Conj/Alch/Air  100%       N/A       0%          3
 Stone Arrow              Conj/Erth      100%       3d13      0%          3
 Swiftness                Air            100%       N/A       0%          3
 Airstrike                Air            70%        2d(10-26) 0%          4
 Freeze                   Ice            100%       1d10      1%          1
 Necrotise                Necr           100%       1d9       1%          1
 Call Imp                 Summ           100%       N/A       1%          2
 Cigotuvi's Dreadful Rot  Necr/Alch/Air  100%       N/A       1%          2
 Call Canine Familiar     Summ           89%        N/A       1%          3
 Dazzling Flash           Conj/Hex       100%       N/A       1%          3
 Fugue of the Fallen      Necr           83%        N/A       1%          3
 Hailstorm                Conj/Ice       84%        3d14      1%          3
 Passwall                 Erth           95%        N/A       1%          3
 Summon Ice Beast         Ice/Summ       71%        N/A       1%          3
 Vampiric Draining        Necr           83%        2d11      1%          3
 Volatile Blastmotes      Fire/Tloc      100%       2d18      1%          3
 Animate Armour           Summ/Erth      100%       N/A       1%          4
 Animate Dead             Necr           83%        N/A       1%          4
 Brom's Barrelling Bould  Conj/Erth      100%       2d11      1%          4
 Dispel Undead            Necr           83%        3d27      1%          4
 Fulminant Prism          Conj/Alch      49%        3d20      1%          4
 Martyr's Knell           Necr/Summ      86%        N/A       1%          4
 Olgreb's Toxic Radiance  Alch           89%        N/A       1%          4
 Sticky Flame             Fire/Alch      100%       2d15      1%          4
 Summon Lightning Spire   Summ/Air       100%       N/A       1%          4
 Alistair's Intoxication  Alch           59%        N/A       1%          5
 Freezing Cloud           Conj/Ice/Air   59%        6-21      1%          5
 Iskenderun's Battlesphe  Conj           100%       2d15      1%          5
 Lee's Rapid Deconstruct  Erth           47%        3d23*     1%          5
 Silence                  Hex/Air        55%        N/A       1%          5
 Conjure Ball Lightning   Conj/Air       68%        3x3d25    1%          6
 Eringya's Noxious Bog    Alch           44%        4d6       1%          6
 Starburst                Conj/Fire      55%        6d15      1%          6
 Slow                     Hex            100%       N/A       2%          1
 Frozen Ramparts          Ice            94%        1d15      2%          3
 Curse of Agony           Necr           83%        N/A       2%          5
 Yara's Violent Unravell  Hex/Alch       35%        3d14      2%          5
 Ensorcelled Hibernation  Hex/Ice        94%        N/A       3%          2
 Anguish                  Hex/Necr       33%        N/A       4%          4
 Confusing Touch          Hex            47%        N/A       8%          3
 Gell's Gravitas          Tloc           47%        N/A       8%          3
 Ozocubu's Armour         Ice            47%        N/A       8%          3
 Sigil of Binding         Hex            47%        N/A       8%          3
 Teleport Other           Tloc           47%        N/A       8%          3
 Tukima's Dance           Hex            47%        N/A       8%          3
 Lehudib's Crystal Spear  Conj/Erth      51%        10d12     12%         8
 Death Channel            Necr           41%        N/A       14%         6
 Dimensional Bullseye     Hex/Tloc       23%        N/A       24%         4
 Manifold Assault         Tloc           47%        N/A       24%         4
 Passage of Golubria      Tloc           47%        N/A       24%         4
 Sculpt Simulacrum        Ice/Alch       35%        N/A       43%         6
 Malign Gateway           Summ/Tloc      35%        N/A       95%         7
 Summon Horrible Things   Summ           44%        N/A       95%         8
 Dispersal                Tloc           23%        N/A       98%         6
 Disjunction              Tloc           23%        N/A       100%        8


Dungeon Overview and Level Annotations

Branches:
Dungeon (15/15)            Temple (1/1) D:4            Lair (5/5) D:10
  Swamp (4/4) Lair:2       Spider (4/4) Lair:2        Slime (5/5) Lair:5
    Orc (2/2) D:9             Elf (3/3) Orc:2        Vaults (4/5) D:14
  Crypt (0/3) Vaults:2     Depths (4/4) D:15            Zot (5/5) Depths:4
Ossuary (visited)          Bailey (visited)           IceCv (visited)
Volcano (visited)

Altars:
Ashenzari
Cheibriados
Dithmenos
Elyvilon
Fedhas
Gozag
Hepliaklqana
Kikubaaqudgha
Makhleb
Nemelex Xobeh
Okawaru
Qazlal
Ru
Sif Muna
Trog
Uskayaw
Vehumet
Wu Jian
Xom
Yredelemnul
Zin
The Shining One
Beogh
Jiyva
Lugonu

Shops:
D:1 [   D:7 :   D:9 ?   D:10 =   Orc:2 *:[(   Vaults:1 ?   Vaults:2 *[!:[
Vaults:3 [?   Vaults:4 ?   Depths:4 *[

Portals:
Hell: Depths:1 Depths:2 Depths:3 Depths:4
Abyss: Depths:1 Depths:3
Pandemonium: Depths:2
Ziggurat: Depths:4
Trove: Vaults:2 (give 15 scrolls of teleportation)

Annotations:
D:7 3 runed translucent doors, exclusion: 3 doors, audacious124's ghost, novice TrSh
D:10 1 runed translucent door, exclusion: door, grandjackal's ghost, journeyman DsGl
D:12 exclusion: obsidian statue
Lair:5 3 runed translucent doors, exclusion: 3 doors, niangp's ghost, journeyman MiBe
Swamp:4 Roxanne
Orc:1 3 runed translucent doors, exclusion: 3 doors, grandjackal's ghost, journeyman DsGl
Elf:2 6 runed translucent doors, exclusion: 6 doors, hikkokomori's ghost, adept MDMo
Zot:5 1 exclusion


Message History

Confirm with . or Enter, or press ? or * to list all spells.
Aiming: Bombard (mildly dangerous; 1% risk of failure)
Press: ? - help, Shift-Dir - straight line, f/p - hellephant
Aim: a hellephant (moderately wounded, 78% to hit)
The iron shot hits the hellephant!!
The hellephant is heavily wounded.
The blast sends you backwards.
You now have 44/54 mp.
Casting: Bombard (mildly dangerous; 1% risk of failure)
Confirm with . or Enter, or press ? or * to list all spells.
Aiming: Bombard (mildly dangerous; 1% risk of failure)
Press: ? - help, Shift-Dir - straight line, f/p - hellephant
Aim: a hellephant (heavily wounded, 78% to hit)
The iron shot hits the hellephant!!!
The hellephant is severely wounded.
The blast sends you backwards. The hellephant breathes flames at you.
The blast of flame hits you. You resist.
You take 3 damage, and have 155/170 hp.
You now have 38/54 mp.
Casting: Bombard (mildly dangerous; 1% risk of failure)
Confirm with . or Enter, or press ? or * to list all spells.
Aiming: Bombard (mildly dangerous; 1% risk of failure)
Press: ? - help, Shift-Dir - straight line, f/p - hellephant
Aim: a hellephant (severely wounded, catching its breath, 78% to hit)
The iron shot hits the hellephant!
The hellephant is severely wounded.
You now have 33/54 mp.
Casting: Bombard (mildly dangerous; 1% risk of failure)
Confirm with . or Enter, or press ? or * to list all spells.
Aiming: Bombard (mildly dangerous; 1% risk of failure)
Press: ? - help, Shift-Dir - straight line, f/p - hellephant
Aim: a hellephant (severely wounded, catching its breath, 78% to hit)
The iron shot hits the hellephant!!!
The hellephant is almost dead.
The blast sends you backwards.
You now have 28/54 mp.
Casting: Bombard (mildly dangerous; 1% risk of failure)
Confirm with . or Enter, or press ? or * to list all spells.
Aiming: Bombard (mildly dangerous; 1% risk of failure)
Press: ? - help, Shift-Dir - straight line, f/p - hellephant
Aim: a hellephant (almost dead, catching its breath, 78% to hit)
The iron shot hits the hellephant!!!
You kill the hellephant!
Vehumet accepts your kill.
You feel your power returning.
A Noisel, a large abomination, an Ice Fiend and a small abomination come into view.
You regained 5 mp, and now have 33/54 mp.
The Ice Fiend roars!
You see here a hellephant corpse.
The large abomination barely misses you.
Noisel gestures.
Noisel seems to speed up.
Noisel attacks as it pursues you! Noisel hits you but does no damage.
Noisel hits you! You block Noisel's attack.
The Ice Fiend calls on the powers of darkness!
Your body is wracked with pain!
There is a stone staircase leading up, spattered with blood here.
You take 68 damage, and have 90/170 hp.
MASSIVE DAMAGE!!
Noisel gestures at you.
The bolt of dispelling energy hits you!!!
Noisel closely misses you.
You climb upwards.
There is a stone staircase leading down here.
You take 36 damage, and have 54/170 hp.
MASSIVE DAMAGE!!
You regained 2 mp, and now have 37/54 mp.
Okay, then.
Press: ? - help, v - describe, . - travel
Here: Noisel (fast)
The floor.
You feel much better. Noisel closely misses you. Noisel hits you!!
You block Noisel's attack.
You take 2 damage, and have 52/170 hp.
Casting: Bombard (mildly dangerous; 1% risk of failure)
Confirm with . or Enter, or press ? or * to list all spells.
You blink.
You now have 37/54 mp.
Okay, then.
Okay, then.
Unknown command.
Unknown command.
You feel yourself speed up. Noisel gestures at you.
The bolt of dispelling energy hits you!!!
Your magical effects are unravelling.
* * * LOW HITPOINT WARNING * * *
You take 41 damage, and have 11/170 hp.
MASSIVE DAMAGE!!
Unknown command.
Unknown command.
Okay, then.
Okay, then.
Unknown command.
Unknown command.
You feel as though your hastened speed will last longer.
Noisel hits you but does no damage.
Unknown command.
Unknown command.
Noisel gestures at you.
The bolt of dispelling energy hits you!!
Your magical effects are unravelling.
You die...

########......................
###............#................
#..............#######......§#.#
#..............# #.......÷..#§.§
#..#.#....#.#### #......###.§..§
#.......§.#..#####..........##§#
#..#.#..........##...........###
#............&..######..........
#..............@######..........
##.#................############
#........#.........# #.....)>..
######...#.........# #.........
#########.÷'.........# #...⌠.)_..
........#÷##.........# #........)
#######.#.##.........# #......ß.)
#.......#.##.........####ß'ß#####
#.#######.##.........##..........


You could see Noisel (fast).

Vanquished Creatures
  the Royal Jelly (Slime:5)
  6 dread liches
  Frederick (Vaults:3)
  4 orbs of fire (Zot:5)
  5 ancient liches
  Vv (Zot:1)
  Bai Suzhen (Swamp:4)
  the Lernaean hydra (Swamp:4)
  5 Killer Klowns
  7 curse toes
  9 golden dragons
  4 bone dragons
  2 electric golems (Zot:5)
  A hellephant (D:10)
  22 tentacled monstrosities
  A walking crystal tome (Depths:2)
  Zenata (Vaults:3)
  Jorgrun (Swamp:2)
  4 liches (Depths:2)
  22 Orb Guardians (Zot:5)
  2 titans (Depths:2)
  2 deep elf blademasters (Elf:3)
  Mlioglotl (Swamp:2)
  9 quicksilver dragons
  A walking frostbound tome (Depths:2)
  6 sphinxes
  17 acid blobs
  A deep elf master archer (Elf:3)
  A tengu reaver (Depths:2)
  12 shadow dragons
  Aizul (Swamp:1)
  8 death cobs
  12 storm dragons
  14 azure jellies
  A sphinx (shapeshifter) (Depths:3)
  3 protean progenitors
  8 fire giants
  2 draconian knights (Zot:1)
  8 rockslimes
  6 draconian monks
  2 iron dragons
  4 emperor scorpions
  3 frost giants
  6 vault wardens
  9 ghost moths
  4 deep elf sorcerers (Elf:3)
  4 draconian shifters (Zot:1)
  4 draconian scorchers
  5 spectral caustic shrikes (Depths:1)
  A cacodemon (Depths:4)
  6 deep elf elementalists
  A fenstrider witch (shapeshifter) (Depths:3)
  A draconian stormcaller (Zot:2)
  17 stone giants
  21 ironbound preservers
  2 orc warlords
  3 draconian annihilators
  3 broodmothers
  18 quicksilver oozes
  2 vampire knights
  11 green draconians
  25 very ugly things
  4 ironbound thunderhulks
  6 black draconians
  4 eleionomae
  7 deep elf death magi (Elf:3)
  A dire elephant (shapeshifter) (Depths:3)
  5 deep elf demonologists (Elf:3)
  6 deep elf annihilators
  5 spark wasps
  4 bunyips
  10 purple draconians
  8 yellow draconians
  5 dire elephants
  7 war gargoyles
  13 red draconians
  A broodmother (shapeshifter) (Depths:3)
  Snorg (D:11)
  5 white draconians
  10 ettins
  8 entropy weavers
  An entropy weaver (shapeshifter) (Depths:2)
  5 fire dragons
  A deep elf high priest (Elf:3)
  6 crystal guardians (Vaults:4)
  3 shambling mangroves
  13 great orbs of eyes
  20 hydras
  3 rakshasas
  4 yaktaur captains
  7 ice dragons
  4 vault guards
  4 peacekeepers (Vaults:4)
  3 spriggan air magi
  11 alligators
  A catoblepas (shapeshifter) (Depths:3)
  2 ghost crabs (Swamp:3)
  2 radroaches
  6 catoblepae
  3 ogre magi
  16 centaur warriors
  9 ironbound frosthearts
  30 dancing weapons
  A two-headed ogre (shapeshifter) (Depths:4)
  13 boulder beetles
  15 two-headed ogres
  A deep troll shaman (Lair:5)
  9 death yaks
  A death knight (D:10)
  A death scarab (Spider:4)
  10 demonic crawlers
  A death yak (shapeshifter) (Depths:3)
  7 deep troll earth magi
  6 tengu warriors
  3 occultists
  2 orc high priests
  A shock serpent (shapeshifter) (Depths:3)
  2 shock serpents (Depths:3)
  6 spriggan berserkers
  17 deep elf knights
  7 hell knights (Depths:4)
  A sun demon (D:11)
  2 death drakes (Zot:2)
  6 soul eaters
  A sixfirhy (Depths:4)
  3 skysharks
  3 goliath frogs
  11 pharaoh ants
  75 deep trolls
  5 skeletal warriors
  2 sun moths
  2 iron trolls (Depths:1)
  3 orb spiders (Spider:2)
  A flayed ghost (Depths:1)
  A sun moth (shapeshifter) (D:13)
  A bog body (Swamp:2)
  A shadow demon (Depths:2)
  3 spriggan druids
  14 swamp dragons
  An orange crystal statue (Depths:3)
  7 glowing orange brains
  2 lindwurms
  4 obsidian statues
  9 arcanists
  12 deep elf archers
  15 thermic dynamos
  9 ironbound convokers
  A harpy (Vaults:1)
  23 deep elf pyromancers
  2 necromancers
  14 orc knights
  17 wolf spiders
  12 steelbarb worms
  6 shining eyes
  17 deep elf zephyrmancers
  A draconian zombie (Zot:2)
  3 fauns (Zot:2)
  3 oklob plants (Lair:3)
  9 cyclopes
  6 manticores
  5 will-o-the-wisps
  2 black mambas
  3 guardian serpents (shapeshifter)
  55 ugly things
  A salamander (D:15)
  A fire giant skeleton (Vaults:1)
  4 meliai
  26 moths of wrath
  15 elephants
  An eye of devastation (shapeshifter) (Depths:3)
  8 apocalypse crabs (Zot:3)
  A molten gargoyle (Depths:3)
  5 eyes of devastation
  Joseph (D:7)
  2 ice statues (IceCv)
  14 vault sentinels
  3 torpor snails
  2 smoke demons (Depths:2)
  3 unseen horrors
  Maggie (D:7)
  20 cane toads
  2 rime drakes (Lair:1)
  4 gargoyles
  3 freezing wraiths
  A yaktaur (D:10)
  4 kobold demonologists
  11 komodo dragons
  Jeremiah (D:7)
  3 tengu conjurers
  4 efreet
  A guardian mummy (Zot:2)
  3 merfolk (Zot:1)
  A queen bee (shapeshifter) (D:13)
  12 trolls
  2 bloated husks (Swamp:1)
  8 polar bears
  A wind drake (shapeshifter) (Depths:3)
  3 wind drakes (Depths:3)
  Prince Ribbit (D:7)
  17 hornets
  4 raiju (Depths:3)
  Grinder (D:5)
  A dream sheep (shapeshifter) (Elf:2)
  15 tarantellas
  5 dream sheep (Lair:1)
  2 glass eyes (Slime:5)
  6 tyrant leeches
  13 blink frogs
  62 slime creatures
  34 jumping spiders
  11 water elementals
  10 air elementals
  An ettin skeleton (Vaults:1)
  23 culicivoras
  6 shadows
  18 spriggans
  4 wraiths
  3 wyverns
  4 vampires
  Grum (D:10)
  An unseen horror simulacrum (D:9)
  A golden eye (Lair:3)
  8 fire elementals
  65 yaks
  14 vampire mosquitoes
  A yak (shapeshifter) (D:15)
  5 basilisks
  Eustachio (D:4)
  49 redbacks
  A chaos spawn (Depths:4)
  3 wargs
  A steam dragon (Bailey)
  9 swamp worms
  14 water moccasins
  An acid dragon (D:10)
  2 great orb of eyes simulacra (IceCv)
  8 swamp drakes
  A laughing skull (D:13)
  2 ice beasts
  A redback (shapeshifter) (Vaults:2)
  28 orc warriors
  3 black bears
  A black bear (shapeshifter) (D:15)
  A human zombie (Vaults:1)
  31 wolves
  29 ogres
  3 centaurs
  A boggart (D:13)
  4 slime creature simulacra (IceCv)
  A phantom (D:6)
  3 kobold brigands
  10 bullfrogs
  19 earth elementals
  4 gnoll sergeants
  A two-headed ogre simulacrum (D:13)
  3 scorpions
  A glowing shapeshifter simulacrum (IceCv)
  A burial acolyte (Ossuary)
  2 wights (Ossuary)
  7 killer bees
  5 electric eels
  3 howler monkeys
  15 jellies
  2 bombardier beetles (D:5)
  4 hounds
  19 orc priests
  A sleepcap (D:4)
  14 orc wizards
  2 iguanas (D:5)
  5 hell rats (Lair:3)
  6 shapeshifter simulacra (IceCv)
  2 spriggan simulacra (D:13)
  2 wolf simulacra (D:13)
  3 centaur simulacra (D:9)
  2 mummies
  18 gnolls
  8 adders
  3 naga simulacra (D:13)
  6 white imps
  9 ufetubi
  6 dart slugs
  100 orcs
  4 ball pythons
  7 bats
  6 endoplasms
  4 giant cockroaches
  11 goblins
  6 hobgoblins
  2 frilled lizards (D:2)
  7 gnoll skeletons (Ossuary)
  A goblin skeleton (D:7)
  A goblin zombie (D:7)
  17 kobolds
  6 kobold skeletons
  2 kobold zombies (D:7)
  10 orc skeletons
  4 orc zombies
  4 rats
  An aspiring flesh (Zot:1)
2189 creatures vanquished.

Vanquished Creatures (collateral kills)
  A deep elf master archer (Elf:3)
  A very ugly thing (Depths:3)
  A deep elf pyromancer (Elf:3)
  A deep elf zephyrmancer (Elf:3)
4 creatures vanquished.

Vanquished Creatures (others)
  6 foxfires
  9 fulminant prisms
15 creatures vanquished.

Grand Total: 2208 creatures vanquished

Notes
Turn   | Place    | Note
-------+----------+-------------------------------------------
     0 | D:1      | gimp the Deep Elf Alchemist began the quest for the Orb.
     0 | D:1      | Reached XP level 1. HP: 10/10 MP: 6/6
   336 | D:1      | Found a faded altar of an unknown god.
   471 | D:1      | Reached XP level 2. HP: 15/15 MP: 6/8
   585 | D:1      | Found Bouvod's Antique Armour Emporium.
   937 | D:2      | Reached XP level 3. HP: 13/19 MP: 2/10
  1186 | D:2      | Reached skill level 4 in Spellcasting
  2442 | D:3      | Reached XP level 4. HP: 22/24 MP: 8/12
  2716 | D:3      | Noticed an ogre
  2838 | D:2      | Learned a level 2 spell: Mercury Vapours
  3141 | D:4      | Learned a level 4 spell: Sticky Flame
  3227 | D:4      | Found a staircase to the Ecumenical Temple.
  3252 | Temple   | Entered the Ecumenical Temple
  3291 | Temple   | Became a worshipper of Vehumet
  3354 | D:4      | Found a sand-covered staircase.
  3480 | D:4      | Reached skill level 1 in Fire Magic
  3480 | D:4      | Reached XP level 5. HP: 23/28 MP: 12/14
  3503 | Ossuary  | Entered an ossuary
  3629 | Ossuary  | HP: 1/28 [mummy (17)]
  3928 | Ossuary  | Found an ancient bone altar of Kikubaaqudgha.
  3995 | Ossuary  | Reached skill level 5 in Alchemy
  3995 | Ossuary  | Reached XP level 6. HP: 23/32 MP: 10/15
  4263 | D:4      | Learned a level 3 spell: Mephitic Cloud
  4327 | D:4      | Reached * piety under Vehumet
  4327 | D:4      | Offered knowledge of Sandblast by Vehumet.
  4413 | D:4      | Noticed Eustachio
  4417 | D:4      | Killed Eustachio
  4418 | D:4      | Reached XP level 7. HP: 35/36 MP: 10/16
  4642 | D:5      | Entered Level 5 of the Dungeon
  4651 | D:5      | Noticed a shadow
  4732 | D:5      | Reached skill level 5 in Fire Magic
  4747 | D:5      | Noticed Grinder
  4791 | D:5      | Killed Grinder
  4792 | D:5      | Reached skill level 5 in Spellcasting
  4987 | D:6      | Killed a shadow
  4988 | D:6      | Reached skill level 6 in Spellcasting
  4988 | D:6      | Reached XP level 8. HP: 24/41 MP: 4/19
  5230 | D:5      | Reached skill level 7 in Spellcasting
  5383 | D:5      | Found a shimmering blue altar of Sif Muna.
  5573 | D:6      | Learned a level 4 spell: Fulminant Prism
  5578 | D:6      | Learned a level 4 spell: Olgreb's Toxic Radiance
  5617 | D:6      | Reached ** piety under Vehumet
  5617 | D:6      | Offered knowledge of Shock by Vehumet.
  6017 | D:6      | Reached skill level 8 in Spellcasting
  6017 | D:6      | Reached skill level 1 in Air Magic
  6576 | D:7      | Offered knowledge of Dazzling Flash by Vehumet.
  6618 | D:7      | Reached XP level 9. HP: 45/45 MP: 9/23
  6665 | D:7      | Noticed Prince Ribbit
  6668 | D:7      | Reached *** piety under Vehumet
  6673 | D:7      | Killed Prince Ribbit
  6760 | D:7      | Found a glowing golden altar of the Shining One.
  6840 | D:7      | Reached skill level 9 in Spellcasting
  7112 | D:7      | Found Vavvauf's Book Shop.
  7137 | D:7      | Noticed Jeremiah
  7142 | D:7      | Noticed Maggie
  7144 | D:7      | Killed Jeremiah
  7151 | D:7      | Killed Maggie
  7359 | D:7      | Found a runed translucent gate.
  7359 | D:7      | Found a runed translucent gate.
  7361 | D:7      | Found a runed translucent gate.
  7361 | D:7      | Identified the +2 chain mail of Tomorrow {*Slow Regen+
                  | Str-5 Slay+4}
  7362 | D:7      | Noticed audacious124's ghost (novice TrSh)
  7452 | D:7      | Noticed Joseph
  7460 | D:7      | Killed Joseph
  7461 | D:7      | Reached skill level 5 in Air Magic
  7638 | D:7      | Found a roughly hewn altar of Beogh.
  7683 | D:8      | Found a flagged portal.
  7700 | D:8      | Learned a level 6 spell: Plasma Beam
  7702 | Bailey   | Entered a bailey
  7719 | Bailey   | Reached skill level 10 in Spellcasting
  7779 | Bailey   | Reached XP level 10. HP: 50/50 MP: 12/26
  7902 | Bailey   | Offered knowledge of Ignite Poison by Vehumet.
  7927 | Bailey   | Noticed a two-headed ogre
  7971 | Bailey   | Killed a two-headed ogre
  7972 | Bailey   | Reached skill level 10 in Alchemy
  8017 | Bailey   | Identified the +9 rapier "Jotuor" {holy, Fly Will+ Str+4}
  8338 | D:8      | Reached skill level 11 in Spellcasting
  8496 | D:8      | Reached **** piety under Vehumet
  9015 | D:9      | Noticed a death yak
  9019 | D:9      | Killed a death yak
  9019 | D:9      | Offered knowledge of Fireball by Vehumet.
  9020 | D:9      | Reached XP level 11. HP: 54/54 MP: 18/28
  9076 | D:9      | Reached skill level 12 in Spellcasting
  9076 | D:9      | Reached skill level 5 in Conjurations
  9273 | D:9      | Found a roughly hewn altar of Beogh.
  9273 | D:9      | Found a staircase to the Orcish Mines.
  9280 | D:9      | Reached skill level 10 in Fire Magic
  9500 | D:9      | Reached ***** piety under Vehumet
  9577 | D:9      | Offered knowledge of Conjure Ball Lightning by Vehumet.
  9608 | D:9      | Found Ganweemi's Magic Scroll Emporium.
  9616 | D:9      | Bought a scroll of blinking for 97 gold pieces
  9616 | D:9      | Bought a scroll of teleportation for 39 gold pieces
  9616 | D:9      | Bought a scroll of fear for 52 gold pieces
  9616 | D:9      | Bought a scroll of blinking for 97 gold pieces
  9616 | D:9      | Bought a scroll of identify for 26 gold pieces
  9763 | D:9      | Noticed a death yak
  9775 | D:9      | Killed a death yak
 10328 | D:10     | Entered Level 10 of the Dungeon
 10328 | D:10     | Noticed a two-headed ogre
 10332 | D:10     | Killed a two-headed ogre
 10396 | D:10     | Reached skill level 13 in Spellcasting
 10615 | D:10     | Found a runed translucent door.
 10617 | D:10     | Noticed grandjackal's ghost (journeyman DsGl)
 10617 | D:10     | Identified the +3 trident "Sarcophage" {drain, Str+5}
 10758 | D:10     | Noticed a death yak
 10759 | D:10     | Found a staircase to the Lair.
 10765 | D:10     | Killed a death yak
 10846 | D:10     | Reached XP level 12. HP: 35/59 MP: 17/31
 11095 | D:10     | Found Qoolu's Jewellery Shop.
 11129 | D:10     | Noticed an ogre mage
 11129 | D:10     | Killed an ogre mage
 11131 | D:10     | Reached skill level 10 in Air Magic
 11137 | D:10     | Reached skill level 14 in Spellcasting
 11149 | D:10     | Noticed a fire dragon
 11153 | D:10     | Noticed a centaur warrior
 11160 | D:10     | Killed a fire dragon
 11160 | D:10     | Killed a centaur warrior
 11225 | D:10     | Noticed Grum
 11226 | D:10     | Killed Grum
 11294 | D:10     | Noticed a death knight
 11299 | D:10     | Identified the ring "Reusuej" {Ice rPois rN+ rCorr Int-5}
 11354 | D:10     | Killed a death knight
 11680 | D:11     | Reached skill level 15 in Spellcasting
 11875 | D:11     | Noticed Snorg
 11878 | D:11     | Killed Snorg
 11879 | D:11     | Reached skill level 1 in Fighting
 11879 | D:11     | Offered knowledge of Flame Wave by Vehumet.
 12330 | Lair:1   | Entered Level 1 of the Lair of Beasts
 12832 | Lair:1   | Reached XP level 13. HP: 68/68 MP: 29/34
 13667 | Lair:2   | Found a staircase to the Swamp.
 13678 | Lair:2   | Reached skill level 16 in Spellcasting
 13744 | Lair:2   | Found a hole to the Spider Nest.
 14533 | Lair:3   | Offered knowledge of Bombard by Vehumet.
 14614 | Lair:3   | Learned a level 6 spell: Bombard
 14731 | Lair:3   | Reached skill level 1 in Earth Magic
 14935 | Lair:3   | Reached skill level 5 in Fighting
 15019 | Lair:3   | Identified the +0 robe of the Heavens {rPois rC+ Slay+2
                  | Stlth+}
 15492 | Lair:4   | Identified a scroll of acquirement
 15493 | Lair:4   | Acquired 818 gold pieces
 15515 | Lair:4   | Reached skill level 17 in Spellcasting
 15592 | Lair:4   | Reached XP level 14. HP: 78/78 MP: 32/37
 15628 | Lair:4   | Found a dark tunnel.
 15633 | Volcano  | Entered a volcano
 15722 | Volcano  | Noticed a stone giant
 15725 | Volcano  | Killed a stone giant
 16326 | Lair:4   | Identified the +0 long sword of the Depths {venom, *Noise
                  | +Blink rC+ Str+3 Int+5}
 16684 | Lair:5   | Entered Level 5 of the Lair of Beasts
 16719 | Lair:4   | Reached skill level 5 in Earth Magic
 17255 | Lair:5   | Reached skill level 18 in Spellcasting
 17484 | Lair:5   | Found a hide-covered altar of Uskayaw.
 17484 | Lair:5   | Found an ornate altar of the Wu Jian Council.
 17549 | Lair:5   | Reached skill level 15 in Fire Magic
 17594 | Lair:5   | Found a runed translucent gate.
 17594 | Lair:5   | Found a runed translucent gate.
 17594 | Lair:5   | Found a runed translucent gate.
 17594 | Lair:5   | Noticed niangp's ghost (journeyman MiBe)
 17880 | Lair:5   | Identified the +0 war axe of Broken Luck {drain, *Noise rN+
                  | Str+3 Stlth+}
 17959 | Lair:5   | Found a staircase to the Slime Pits.
 17960 | Lair:5   | Found a viscous altar of Jiyva.
 18494 | Orc:1    | Entered Level 1 of the Orcish Mines
 18521 | Orc:1    | Reached ****** piety under Vehumet
 18521 | Orc:1    | Offered knowledge of Spellforged Servitor by Vehumet.
 18724 | Orc:2    | Entered Level 2 of the Orcish Mines
 18880 | Orc:2    | Found a staircase to the Elven Halls.
 19324 | Orc:2    | Reached skill level 19 in Spellcasting
 19489 | Orc:2    | Reached XP level 15. HP: 78/82 MP: 16/40
 19634 | Orc:2    | Found Qent's Antique Armour Boutique.
 19708 | Orc:2    | Found Fad Zemu's Assorted Antiques.
 19710 | Orc:2    | Found Roloddej's Weapon Shoppe.
 19719 | Orc:2    | Found Nigeoff's Book Shop.
 19728 | Orc:2    | Bought a book of Armaments for 504 gold pieces
 19732 | Orc:2    | Learned a level 3 spell: Stone Arrow
 19851 | Orc:1    | Offered knowledge of Eringya's Noxious Bog by Vehumet.
 20018 | Orc:1    | Found a runed translucent gate.
 20018 | Orc:1    | Found a runed translucent gate.
 20021 | Orc:1    | Found a runed translucent gate.
 20021 | Orc:1    | Noticed grandjackal's ghost (journeyman DsGl)
 20810 | D:12     | Reached skill level 5 in Dodging
 21549 | D:13     | Found a frozen archway.
 21582 | IceCv    | Entered an ice cave
 21991 | IceCv    | Noticed an azure jelly
 21996 | IceCv    | Noticed an azure jelly
 21998 | IceCv    | Killed an azure jelly
 22038 | IceCv    | Killed an azure jelly
 22039 | IceCv    | Reached skill level 20 in Spellcasting
 22051 | IceCv    | Found a viscous altar of Jiyva.
 22069 | IceCv    | Identified the ring of Isties {rPois rN++ rCorr Dex-2
                  | Stlth+}
 22928 | D:13     | Offered knowledge of Freezing Cloud by Vehumet.
 23005 | D:13     | Noticed a storm dragon
 23010 | D:13     | Killed a storm dragon
 23045 | D:13     | Noticed a frost giant
 23047 | D:13     | Killed a frost giant
 23156 | D:13     | Identified the ring "Buigod" {^Drain rF++ rN+ Int-3 SInv}
 23340 | D:13     | Reached XP level 16. HP: 87/87 MP: 36/42
 23839 | D:13     | Learned a level 4 spell: Iskenderun's Mystic Blast
 23843 | D:14     | Reached skill level 10 in Dodging
 23988 | D:14     | Found a bloodstained altar of Trog.
 24451 | D:14     | Identified the +7 quarterstaff of Ashenzari, Blushing
                  | {freeze, MP+9}
 24467 | D:14     | Reached skill level 21 in Spellcasting
 24564 | D:14     | You fall into a shaft and drop 1 floor!
 24564 | D:15     | Entered Level 15 of the Dungeon
 24572 | D:15     | Found a broken altar of Ashenzari.
 24897 | D:15     | Found a staircase to the Depths.
 25449 | D:7      | Bought a book of the Spheres for 768 gold pieces
 25456 | D:7      | Learned a level 5 spell: Fireball
 25459 | D:7      | Learned a level 2 spell: Blink
 25621 | Spider:1 | Entered Level 1 of the Spider Nest
 25624 | Spider:1 | Offered knowledge of Ignition by Vehumet.
 25640 | Lair:2   | Learned a level 8 spell: Ignition
 26826 | Spider:1 | Reached XP level 17. HP: 39/96 MP: 9/44
 27289 | Spider:2 | Offered knowledge of Shatter by Vehumet.
 27289 | Spider:2 | Offered knowledge of Chain Lightning by Vehumet.
 27289 | Spider:2 | Offered knowledge of Polar Vortex by Vehumet.
 28022 | Spider:2 | Reached skill level 22 in Spellcasting
 28859 | Spider:3 | Identified the +1 chain mail of Bellicose Wonder {-Cast
                  | Str+7}
 29088 | Spider:3 | Identified the +2 buckler "Ywost" {rF+ rCorr}
 29274 | Spider:4 | Entered Level 4 of the Spider Nest
 29508 | Spider:4 | Reached skill level 1 in Shields
 29587 | Spider:4 | Reached skill level 15 in Dodging
 30806 | Spider:4 | Found the +3 pair of seven-league boots {Rampage+∞}
 30815 | Spider:4 | Got a gossamer rune of Zot
 30825 | Spider:4 | Identified the scarf of Apathy {rC+ rF+, rPois Str+3 Int-4
                  | Stlth+}
 31093 | Swamp:1  | Entered Level 1 of the Swamp
 31173 | Swamp:1  | Reached XP level 18. HP: 103/103 MP: 41/46
 31281 | Swamp:1  | Identified the serpent talisman "Diliatt" {rF- MP+9 Str-3
                  | Int+9}
 31281 | Swamp:1  | Noticed Aizul
 31286 | Swamp:1  | Killed Aizul
 31731 | Swamp:2  | Reached skill level 23 in Spellcasting
 31816 | Swamp:2  | Noticed Jorgrun
 31825 | Swamp:2  | Killed Jorgrun
 31967 | Swamp:2  | Noticed Mlioglotl
 32077 | Swamp:2  | Killed Mlioglotl
 32745 | Swamp:3  | Reached skill level 5 in Shields
 33117 | Swamp:4  | Entered Level 4 of the Swamp
 33484 | Swamp:4  | Noticed Roxanne
 33738 | Swamp:4  | Noticed the 27-headed Lernaean hydra
 33804 | Swamp:4  | Killed the 27-headed Lernaean hydra
 34147 | Swamp:4  | Noticed Bai Suzhen
 34363 | Swamp:4  | Killed Bai Suzhen
 34590 | Swamp:4  | Reached skill level 24 in Spellcasting
 34633 | Swamp:4  | Got a decaying rune of Zot
 35083 | D:14     | Found a gate to the Vaults.
 35579 | Vaults:1 | Entered Level 1 of the Vaults
 35668 | Vaults:1 | Reached XP level 19. HP: 104/107 MP: 24/49
 35806 | Vaults:1 | Found Cohec's Magic Scroll Boutique.
 35812 | Vaults:1 | Bought a scroll of teleportation for 57 gold pieces
 35812 | Vaults:1 | Bought a scroll of fog for 76 gold pieces
 35954 | Vaults:1 | Paralysed by a sphinx for 5 turns
 36166 | Vaults:1 | You fall into a shaft and drop 1 floor!
 36231 | Vaults:2 | Found Wotast's Distillery.
 36239 | Vaults:2 | Bought 2 potions of magic for 272 gold pieces
 36242 | Vaults:2 | Found Uhibriul's Book Shop.
 36264 | Vaults:2 | Reached skill level 15 in Air Magic
 36357 | Vaults:2 | Found Putireff's General Store.
 36365 | Vaults:2 | Bought a scroll of revelation for 90 gold pieces
 36477 | Vaults:2 | Reached skill level 25 in Spellcasting
 36547 | Vaults:2 | Identified the +5 scale mail "Pot Taeck" {rF- rCorr Slay+3}
 36585 | Vaults:2 | Identified the +6 shortbow of Nightmares {freeze, rCorr
                  | Int+2 Dex+4 Stlth+}
 36683 | Vaults:2 | Identified the +1 robe of Wilo {rElec Will+}
 36733 | Vaults:2 | Found Hazxunoy's Armour Shop.
 36801 | Vaults:2 | Found Iheshug's Armour Shoppe.
 37124 | Vaults:2 | Found a staircase to the Crypt.
 37124 | Vaults:2 | Found an ancient bone altar of Kikubaaqudgha.
 37125 | Vaults:2 | Found a basalt altar of Yredelemnul.
 37280 | Vaults:2 | Found a portal to a secret trove of treasure.
 37744 | Orc:2    | Bought a book of Spectacle for 672 gold pieces
 37754 | Orc:2    | Learned a level 8 spell: Maxwell's Capacitive Coupling
 39012 | Vaults:3 | Identified the orb "Iruig" {*channel, rC+ Regen+ Alchemy}
 39012 | Vaults:3 | Noticed Frederick
 39410 | Vaults:3 | Found Paihi's Armour Shoppe.
 39483 | Vaults:3 | Reached XP level 20. HP: 93/117 MP: 31/51
 39558 | Vaults:3 | Found Kuokhlo's Magic Scroll Emporium.
 39566 | Vaults:3 | Bought a scroll of fear for 80 gold pieces
 39566 | Vaults:3 | Bought a scroll of acquirement for 1040 gold pieces
 39566 | Vaults:3 | Bought a scroll of teleportation for 60 gold pieces
 39568 | Vaults:3 | Acquired 1094 gold pieces
 39811 | Vaults:3 | Noticed Zenata
 39871 | Vaults:3 | Reached skill level 10 in Fighting
 39894 | Vaults:3 | Killed Zenata
 40383 | Vaults:3 | Killed Frederick
 40628 | Vaults:4 | Reached XP level 21. HP: 124/124 MP: 52/52
 40685 | Vaults:4 | Reached skill level 10 in Conjurations
 41105 | Vaults:4 | Found Wudama's Magic Scroll Boutique.
 41113 | Vaults:4 | Bought a scroll of teleportation for 54 gold pieces
 41113 | Vaults:4 | Bought a scroll of teleportation for 54 gold pieces
 41113 | Vaults:4 | Bought a scroll of teleportation for 54 gold pieces
 41113 | Vaults:4 | Bought a scroll of fear for 72 gold pieces
 42731 | Slime:1  | Entered Level 1 of the Pits of Slime
 43631 | Slime:5  | Entered Level 5 of the Pits of Slime
 43698 | Slime:5  | Reached XP level 22. HP: 127/132 MP: 53/53
 43825 | Slime:5  | Found a viscous altar of Jiyva.
 43837 | Slime:5  | Noticed the Royal Jelly
 43841 | Slime:5  | Killed the Royal Jelly
 44280 | Slime:5  | Identified the orb "Meecuak" {light, Str+3 Stlth+}
 44294 | Slime:5  | Identified the orb of Disappointment {light, rPois Air
                  | Earth}
 44359 | Slime:5  | Got a slimy rune of Zot
 44362 | Slime:5  | Identified the +5 orcbow of Chance {heavy, rF+ rN+ Dex+3}
 44375 | Slime:5  | Identified the +7 lajatang of the Turnip {flame, rF++
                  | Will+}
 44401 | Slime:5  | Got the Lessons on Coarse Soot
 44431 | Slime:5  | Identified the +5 arbalest "Xevix" {speed, *Corrode rF+
                  | rC+}
 44433 | Slime:5  | Identified the +1 broad axe "Saestot" {speed, rF- rC+ rN+
                  | Str+2}
 44721 | Elf:1    | Entered Level 1 of the Elven Halls
 44736 | Elf:1    | Found a radiant altar of Vehumet.
 45388 | Elf:1    | Learned a level 5 spell: Borgnjor's Vile Clutch
 45429 | Elf:1    | Reached skill level 1 in Necromancy
 45644 | Elf:1    | Identified the +3 ring mail of Painted Creativity {rC+}
 46346 | Elf:2    | Learned a level 7 spell: Orb of Destruction
 46358 | Elf:2    | Noticed hikkokomori's ghost (adept MDMo)
 46556 | Elf:2    | Found a runed translucent gate.
 46557 | Elf:2    | Found a runed translucent gate.
 46558 | Elf:2    | Found a runed translucent gate.
 46777 | Elf:2    | Found a runed translucent gate.
 46778 | Elf:2    | Found a runed translucent gate.
 46778 | Elf:2    | Found a runed translucent gate.
 46907 | Elf:3    | Entered Level 3 of the Elven Halls
 47281 | Elf:3    | Identified the +4 glaive of Plog {holy, Dex+4}
 47284 | Elf:3    | Reached skill level 5 in Necromancy
 47627 | Elf:3    | HP: 6/135 [deep elf master archer/arrow (28)]
 48084 | Elf:3    | Identified the ring "Xyeda Kupt" {*Slow +Blink rCorr Int+3
                  | Slay+4}
 48637 | Elf:3    | Found the +3 greatsling "Punk" {acid, rCorr}
 48999 | Elf:3    | Learned a level 9 spell: Chain Lightning
 49300 | Depths:1 | Entered Level 1 of the Depths
 49304 | Depths:1 | Reached XP level 23. HP: 127/140 MP: 37/54
 49858 | Depths:1 | Found a gateway to Hell.
 49996 | Depths:1 | You fall into a shaft and drop 1 floor!
 50007 | Depths:2 | Reached skill level 10 in Earth Magic
 50333 | Depths:1 | Found a sparkling altar of Nemelex Xobeh.
 50537 | Depths:1 | Found a corrupted altar of Lugonu.
 50537 | Depths:1 | Found a one-way gate to the infinite horrors of the Abyss.
 52026 | Depths:2 | Reached skill level 1 in Armour
 52507 | Depths:2 | Identified the +3 helmet of the Present {rElec Dex+3}
 52553 | Depths:2 | Identified the +4 dagger of Dissatisfaction {protect, rC+}
 52871 | Depths:2 | Identified the +3 whip "Aciviub" {venom, ^Fragile rCorr
                  | Int+2 Dex+4}
 53117 | Depths:2 | Found a one-way gate leading to the halls of Pandemonium.
 53335 | Depths:3 | Paralysed by an air elemental for 1 turns
 53561 | Depths:3 | Reached skill level 15 in Fighting
 54242 | Depths:3 | Reached XP level 24. HP: 150/150 MP: 22/54
 54255 | Depths:3 | Reached skill level 15 in Conjurations
 54332 | Depths:3 | Reached skill level 5 in Armour
 55322 | Depths:3 | Identified the ring "Xose" {rPois Slay+4 Stlth+}
 55537 | Depths:3 | Identified the amulet "Syaqim" {Reflect rN+ SH+5}
 55693 | Depths:3 | Identified the +5 scale mail "Zilisaus" {rPois Str+2 Int+2}
 55694 | Depths:3 | Identified the +1 helmet of Greater Demons {Harm Fly Int-5
                  | SInv}
 55760 | Depths:4 | Entered Level 4 of the Depths
 56228 | Depths:4 | Found Teczounk's Antique Armour Boutique.
 56233 | Depths:4 | Found Rehatsu's General Store.
 56238 | Depths:4 | Bought an embroidered cloak for 307 gold pieces
 56243 | Depths:4 | Bought a potion of magic for 128 gold pieces
 56243 | Depths:4 | Bought a potion of curing for 48 gold pieces
 56243 | Depths:4 | Bought a scroll of revelation for 120 gold pieces
 56390 | Depths:4 | Found a one-way gateway to a ziggurat.
 56877 | Depths:4 | Found a gate to the Realm of Zot.
 57112 | Zot:1    | Entered Level 1 of the Realm of Zot
 57330 | Vaults:1 | Bought a scroll of revelation for 142 gold pieces
 57330 | Vaults:1 | Bought 3 scrolls of revelation for 427 gold pieces
 57373 | Vaults:2 | Bought a potion of ambrosia for 136 gold pieces
 57373 | Vaults:2 | Bought a potion of resistance for 170 gold pieces
 57373 | Vaults:2 | Bought a potion of resistance for 170 gold pieces
 57653 | Orc:2    | Bought a potion of heal wounds for 170 gold pieces
 57653 | Orc:2    | Bought a potion of haste for 340 gold pieces
 58013 | Orc:2    | Bought a pair of runed boots for 255 gold pieces
 58459 | Zot:1    | You are sucked into a shaft and drop 1 floor!
 59272 | Zot:1    | Identified the +4 pair of boots of Jeorap {rF+ Int+5 SInv}
 59312 | Zot:1    | Noticed Vv
 59331 | Zot:1    | Killed Vv
 60467 | Zot:1    | Reached XP level 25. HP: 129/155 MP: 13/54
 61023 | Zot:2    | Noticed a dread lich
 61029 | Zot:2    | Killed a dread lich
 61115 | Zot:2    | Identified the +1 dire flail of the Unspeakable One {drain,
                  | ^Fragile Int+4 Stlth+}
 61420 | Zot:2    | Noticed an ancient lich
 61424 | Zot:2    | Killed an ancient lich
 62329 | Zot:3    | Noticed a Killer Klown
 62333 | Zot:3    | Killed a Killer Klown
 62552 | Zot:3    | Learned a level 7 spell: Spellforged Servitor
 63426 | Zot:4    | Reached skill level 5 in Summonings
 64555 | Zot:5    | Entered Level 5 of the Realm of Zot
 65579 | Zot:5    | Noticed a dread lich
 65579 | Zot:5    | Noticed an ancient lich
 65595 | Zot:5    | Killed an ancient lich
 65595 | Zot:5    | Noticed a Killer Klown
 65596 | Zot:5    | Reached XP level 26. HP: 150/167 MP: 34/54
 65599 | Zot:5    | Noticed an ancient lich
 65600 | Zot:5    | Killed a dread lich
 65605 | Zot:5    | Killed an ancient lich
 65606 | Zot:5    | Reached skill level 10 in Summonings
 65742 | Zot:5    | Noticed an orb of fire
 65751 | Zot:5    | Killed an orb of fire
 65839 | Zot:5    | Noticed an ancient lich
 65853 | Zot:5    | Killed an ancient lich
 65910 | Zot:5    | Noticed a dread lich
 65916 | Zot:5    | Killed a dread lich
 66182 | Zot:5    | Noticed an ancient lich
 66187 | Zot:5    | Killed an ancient lich
 66239 | Zot:5    | Noticed an orb of fire
 66243 | Zot:5    | Killed an orb of fire
 66255 | Zot:5    | Noticed a dread lich
 66259 | Zot:5    | Killed a dread lich
 66270 | Zot:5    | Noticed an orb of fire
 66271 | Zot:5    | Noticed a dread lich
 66274 | Zot:5    | Killed an orb of fire
 66281 | Zot:5    | Killed a dread lich
 66340 | Zot:5    | Noticed a dread lich
 66343 | Zot:5    | Killed a dread lich
 66388 | Zot:5    | Got the Orb of Zot
 66428 | Zot:5    | Noticed an orb of fire
 66433 | Zot:5    | Killed an orb of fire
 66463 | Zot:4    | Noticed Weurhad the pandemonium lord
 66497 | Zot:3    | Noticed Sirinog the pandemonium lord
 66773 | D:9      | Noticed Bainos the pandemonium lord
 66798 | D:10     | Noticed Noisel the pandemonium lord
 66808 | D:9      | Killed from afar by Noisel the pandemonium lord

Illustrated notes

Levels and vault maps discovered:
D:1:      lightli_molten_gateway, layout_loops_ring, basic_ecumenical_altar,
          serial_shops, nicolae_shop_back_alley_shop, minmay_cut_off
D:2:      layout_basic
D:3:      layout_basic, chequers_serial_rivers_micro_b, minmay_ogre_servants
D:4:      layout_loops_ring, temple_statues, nicolae_ossuary_entry_giza,
          uniq_eustachio
D:5:      layout_basic, mainiacjoe_overflow_alcove_4, uniq_grinder
D:6:      layout_gridville
D:7:      layout_loops_cross, nicolae_tso_besieged_by_evil,
          biasface_ghost_orc_armoury, serial_shops, shop_statue,
          uniq_prince_ribbit1, uniq_jeremiah, uniq_joseph, uniq_maggie
D:8:      layout_basic, enter_bailey_5
D:9:      layout_basic, david_orc_5, serial_ice, serial_ice_j, serial_ice_e,
          serial_ice_b, serial_ice_f, serial_ice_a, serial_ice_g, serial_ice_m,
          serial_ice_o, serial_shops, nicolae_shop_waterfront,
          serial_library_regret_index_double_sided, minmay_splitting_lines,
          hangedman_abyss_or_decor_jellyfish_corner
D:10:     layout_roguey, david_lair_generic, ebering_ghost_funeral_grove,
          serial_shops, nicolae_shop_trees, minmay_evil_grid, uniq_grum
D:11:     layout_basic, uniq_snorg
D:12:     layout_basic, serial_curves, eino_curves_04, eino_curves_01,
          minmay_protected_statue
D:13:     minmay_nested_s, layout_basic, portal_ice_cave_entry_ice_simulacra
D:14:     layout_basic, david_vaults_4, bloody_trog, minmay_three_doors
D:15:     hangedman_depths_entry_try_elsewhere_first, layout_cave_pools,
          dk_noncrumbling_4, cheibrodos_ashenzari_chains
Temple:   mainiacjoe_temple_big_plus
Lair:1:   layout_roguey
Lair:2:   layout_big_grid, mainiacjoe_swamp_entry_lozenge_pond,
          spider_nest_entry_a, grunt_megastairs_5, lemuel_fruit_tree
Lair:3:   layout_chaotic_city, disabler_island, grunt_megastairs_3
Lair:4:   layout_loops_ring, nicolae_volcano_entry_s_turn,
          infiniplex_staircase_pool
Lair:5:   grunt_lair_end_beastmaster, layout_loops_ring,
          minmay_slime_entry_jelly_boxes, maelrawn_ghost_gauntlet_escape,
          nzn_masters_of_martial_movement
Swamp:1:  layout_basic_swamp, evilmike_swamp_ruin_wall, uniq_aizul
Swamp:2:  layout_basic_swamp, hangedman_swamp_ruin_wall,
          statue_in_the_mist_lemuel, swamp_pool_1_2, uniq_jorgrun,
          uniq_mlioglotl
Swamp:3:  layout_basic_swamp, nicolae_swamp_some_circles,
          nicolae_swamp_long_stream
Swamp:4:  swamp_old_school, layout_basic_swamp, swamp_pool_1_2, uniq_bai_suzhen,
          uniq_roxanne
Spider:1: layout_cave_pods
Spider:2: layout_spider_delve, drop_trap, nicolae_spider_webs_and_nodes,
          hellmonk_narrow_tunnel
Spider:3: layout_spider_delve, drop_trap
Spider:4: hellmonk_spider_rune_bug_friends
Slime:1:  nicolae_slime_infinislime, layout_caves
Slime:2:  layout_caves
Slime:3:  layout_caves
Slime:4:  layout_caves
Slime:5:  slime_pit_nicolae_block_by_block
Orc:1:    layout_diamond_mine, gammafunk_ghost_split, minmay_orc_keep
Orc:2:    st_orc_open, layout_caves, nicolae_orc_lava_room
Elf:1:    eino_elf_arrival_altar, layout_onion_city, minmay_elf_annihilation
Elf:2:    nicolae_elf_blades_crystal_corner, layout_geoelf_grid,
          gammafunk_ghost_split
Elf:3:    grunt_elf_hall_spiral, layout_onion_city
Vaults:1: v_misc_19, nicolae_vaults_heart-shaped_vault,
          vaults_mumra_minichess_inversion, grunt_vaults_bifocal,
          nicolae_vaults_steering_wheel, nicolae_vaults_diamond_1,
          nicolae_vaults_inception_statues, nicolae_vaults_two_Ls,
          nicolae_vaults_trapezoid_lopsided_3, nicolae_vaults_frosty_reception,
          nicolae_vaults_three_branches, v_misc_29, ontoclasm_vaults_idyll,
          layout_vaults_maze, serial_shops, nicolae_shop_tiny_statue_garden
Vaults:2: minmay_crypt_entry_necro_gods, nicolae_vaults_rhombus_6,
          grunt_vaults_focal, vaults_dpeg_hooks, v_misc_28,
          hangedman_vaults_impose, nicolae_vaults_antechamber_and_loot_room,
          ontoclasm_vaults_idyll, nicolae_vaults_closet_pinwheel_2,
          layout_vaults_quadrants, serial_shops, shop, nicolae_lakefront_shop,
          nicolae_shop_behind_doors, shop, nicolae_shop_crystal, enter_trove_3
Vaults:3: v_misc_24, hangedman_vaults_nails, lightli_orcish_oven,
          nicolae_vaults_taking_the_gang_shopping,
          serial_library_hellmonk_semicircle, ontoclasm_vaults_tryst,
          vaults_room_fours, nicolae_vaults_little_squares_2,
          vaults_mumra_minichess, vaults_mumra_hex, grunt_vaults_hallway_short,
          nicolae_vaults_diamond_1, layout_vaults_omnicross, serial_shops, shop,
          uniq_zenata, uniq_frederick
Vaults:4: ontoclasm_vaults_ring_large, ontoclasm_vaults_eye,
          vaults_room_hallway, v_alt_pattern_6, vaults_room_fours,
          vaults_dpeg_encased_lava, nicolae_vaults_little_squares_5,
          v_alt_pattern_6, nicolae_vaults_yaktaur_gun_rack,
          hangedman_vaults_restitches, nicolae_vaults_tetromino_L_1,
          nicolae_vaults_double_plus_1, layout_vaults_chaotic_city,
          serial_shops, shop
Depths:1: layout_cave_shapes, abyss_entry_flame_altar, pf_hell_entry_tar_river,
          nemelex_spade_bored_becter, hangedman_cracks_in_the_wall
Depths:2: angbandy_vault, layout_gridlike, pf_coc_iceberg,
          grunt_pan_entry_in_and_out, infiniplex_staircase_diamond
Depths:3: radiant_caverns_a_rkd, abyss_entry, hell_entry
Depths:4: grunt_zot_entry_alcove, layout_honeycomb, enter_ziggurat_b,
          hell_entry, minmay_misc_feat_doors, minmay_shop_star
Zot:1:    grunt_twist_and_shout, layout_onion_interference,
          regret_index_zotdec_split_disrupt, uniq_vv
Zot:2:    hangedman_snap_crack_crunch, layout_concentric_octagons
Zot:3:    gammafunk_mikee_crab_dinner, layout_onion_interference,
          lemuel_lake_of_fire
Zot:4:    layout_misc_corridors, regret_index_zotdec_fiery_em
Zot:5:    layout_misc_corridors, regret_index_zotdec_onion_hex, st_stairs_10

Skill      XL: |  1  2  3  4  5  6  7  8  9 10 11 12 13 14 15 16 17 18 19 20 21 22 23 24 25 26 |
---------------+-------------------------------------------------------------------------------+-----
Conjurations   | 2 3 4 6 9 12 14 16 | 16.8
Spellcasting   | 4 6 8 10 11 13 15 17 19 20 21 22 24 25 | 25.0
Alchemy        | 4 5 6 8 9 10 | 10.0
Fire Magic     | 1 3 4 6 8 9 11 12 14 15 16 17 18 | 18.0
Air Magic      | 2 5 7 9 11 12 13 14 16 18 20 | 20.0
Fighting       | 2 5 7 9 11 13 15 16 17 18 | 18.7
Earth Magic    | 3 8 12 | 12.0
Dodging        | 8 13 16 18 19 21 23 | 23.5
Shields        | 3 7 8 |  8.0
Necromancy     | 7 8 |  8.0
Armour         | 4 8 |  8.0
Summonings     | 9 10 | 10.0
Stealth        | |  2.4

Action                     |  1- 3 |  4- 6 |  7- 9 | 10-12 | 13-15 | 16-18 | 19-21 | 22-24 | 25-27 || total
---------------------------+-------+-------+-------+-------+-------+-------+-------+-------+-------++-------
  Melee: Falchion          |       |     1 |       |       |       |       |       |       |       ||     1
         Short sword       |       |    48 |     3 |       |       |       |       |       |       ||    51
         Staff             |       |       |       |     3 |     6 |     3 |       |     8 |       ||    20
   Cast: Sting             |    70 |   161 |   168 |    84 |     8 |       |       |       |       ||   491
         Sticky Flame      |       |     6 |    28 |     9 |       |       |       |       |       ||    43
         Mercury Vapours   |       |     2 |     3 |       |       |       |       |       |       ||     5
         Mephitic Cloud    |       |       |     9 |     6 |       |     1 |       |       |       ||    16
         Fulminant Prism   |       |       |     7 |     2 |       |       |       |       |       ||     9
         Olgreb's Toxic Ra |       |       |    33 |    86 |    78 |     9 |       |       |       ||   206
         Plasma Beam       |       |       |       |    86 |   311 |   469 |   237 |   287 |   111 ||  1501
         Bombard           |       |       |       |       |    72 |    97 |    91 |   366 |   119 ||   745
         Stone Arrow       |       |       |       |       |    26 |       |       |       |       ||    26
         Iskenderun's Myst |       |       |       |       |       |     9 |       |     5 |     3 ||    17
         Ignition          |       |       |       |       |       |    30 |    36 |    60 |    19 ||   145
         Fireball          |       |       |       |       |       |    36 |     1 |    53 |       ||    90
         Maxwell's Capacit |       |       |       |       |       |       |    12 |    75 |    67 ||   154
         Borgnjor's Vile C |       |       |       |       |       |       |       |     5 |       ||     5
         Blink             |       |       |       |       |       |       |       |     2 |     3 ||     5
         Orb of Destructio |       |       |       |       |       |       |       |     1 |       ||     1
  Evoke: Wand              |       |       |     2 |       |       |       |       |     2 |     1 ||     5
         Box of beasts     |       |       |       |       |       |     1 |       |     2 |     1 ||     4
    Use: Potion            |       |     2 |     1 |       |     3 |       |     1 |     8 |    10 ||    25
         Scroll            |       |       |     7 |     4 |    21 |     8 |     6 |    18 |     6 ||    70
 Armour: Robe              |     8 |    60 |    36 |       |    60 |   123 |    49 |   116 |       ||   452
         Steam dragon scal |       |       |     3 |    80 |    25 |       |       |       |       ||   108
         Swamp dragon scal |       |       |       |       |       |       |    15 |   103 |       ||   118
         Quicksilver drago |       |       |       |       |       |       |       |   108 |   211 ||   319
  Dodge: Dodged            |    18 |    60 |    41 |    65 |    82 |   103 |    54 |   188 |    82 ||   693
  Block: Buckler           |       |       |       |       |       |     9 |    31 |   109 |    53 ||   202

Table legend: (Time is in decaauts)
 A = Elapsed time spent in this place.
 B = Non-inter-level travel time spent in this place.
 C = Inter-level travel time spent in this place.
 D = Time resting spent in this place.
 E = Time spent auto-exploring this place.
 F = Levels seen in this place.
 G = Mean time per level.
                   A        B        C        D        E       F      G
               +--------+--------+--------+--------+--------+-----+--------+
         Total |  66845 |  59989 |   6856 |   1325 |  47828 |  56 | 1193.7 |
       Dungeon |  18590 |  15574 |   3016 |    183 |  12520 |  15 | 1239.3 |
        Temple |     77 |      2 |     75 |      0 |      0 |   1 |   77.0 |
          Lair |   6560 |   5709 |    851 |    197 |   4662 |   5 | 1312.0 |
         Swamp |   3727 |   3548 |    179 |    218 |   2776 |   4 |  931.8 |
   Spider Nest |   5421 |   5055 |    366 |     53 |   4296 |   4 | 1355.2 |
    Slime Pits |   1687 |   1576 |    111 |     66 |   1092 |   5 |  337.4 |
  Orcish Mines |   2261 |   1902 |    359 |      0 |   1528 |   2 | 1130.5 |
   Elven Halls |   4387 |   4181 |    206 |    135 |   3335 |   3 | 1462.3 |
        Vaults |   6399 |   5851 |    548 |      0 |   5000 |   4 | 1599.8 |
        Depths |   7773 |   7245 |    528 |    138 |   5869 |   4 | 1943.2 |
           Zot |   8172 |   7561 |    611 |    319 |   5874 |   5 | 1634.4 |
       Ossuary |    615 |    615 |      0 |     14 |    237 |   1 |  615.0 |
        Bailey |    370 |    370 |      0 |      0 |    194 |   1 |  370.0 |
      Ice Cave |    570 |    570 |      0 |      2 |    369 |   1 |  570.0 |
       Volcano |    228 |    228 |      0 |      0 |     74 |   1 |  228.0 |
               +--------+--------+--------+--------+--------+-----+--------+

Top non-repeatable levels by time:
Depths:3: 2755 daAuts
   Zot:1: 2514 daAuts
Depths:2: 2365 daAuts
    D:13: 2188 daAuts
Vaults:4: 1846 daAuts
   Elf:3: 1685 daAuts
     D:9: 1678 daAuts
Vaults:2: 1664 daAuts
  Lair:4: 1572 daAuts
  Lair:2: 1561 daAuts
Spider:2: 1543 daAuts
   Zot:5: 1541 daAuts
    D:14: 1521 daAuts
   Elf:1: 1505 daAuts
Spider:1: 1501 daAuts
